 Dungeon Crawl Stone Soup version 0.27.1-4-g1640c2035a (webtiles) character file.

Game seed: 12709207789590414853

16 tizbic2 the Ducker (level 2, -3/21 HPs)
             Began as an Octopode Fighter on Nov 14, 2021.
             Slain by a goblin (4 damage)
             ... on level 2 of the Dungeon.
             The game lasted 00:04:17 (964 turns).

tizbic2 the Ducker (Octopode Fighter)                Turns: 964, Time: 00:04:19

Health: -3/21      AC:  1    Str: 15    XL:     2   Next: 54%
Magic:  2/2        EV: 11    Int: 10    God:
Gold:   64         SH:  8    Dex: 11    Spells: 1/1 levels left

rFire    . . .     SeeInvis .   a - +0 war axe
rCold    . . .     Faith    .   b - +0 kite shield
rNeg     . . .     Spirit   .   (helmet restricted)
rPois    .         Reflect  .   (no amulet)
rElec    .         Harm     .   (no ring)
rCorr    .         Rampage  .   (no ring)
Will     .....                  (no ring)
Stlth    ++........             (no ring)
HPRegen  0.07/turn              (no ring)
MPRegen  0.08/turn              (no ring)
                                (no ring)
                                (no ring)

@: no status effects
A: almost no armour, amphibious, 8 rings, camouflage 1, gelatinous body 1,
(nimble swimmer 1), tentacles
a: no special abilities


You were on level 2 of the Dungeon.
You visited 1 branch of the dungeon, and saw 2 of its levels.

You collected 64 gold pieces.

Inventory:

Hand Weapons
 a - a +0 war axe (weapon)
 g - a +0 hand axe
Missiles
 e - 4 stones (quivered)
 h - 2 atropa-tipped darts
Armour
 b - a +0 kite shield (worn)
Scrolls
 i - a scroll of enchant weapon {unknown}
Potions
 c - a potion of might
 d - a potion of lignification {unknown}
 f - a potion of heal wounds {unknown}


   Skills:
 + Level 3.1 Fighting
 + Level 2.0 Axes
 + Level 3.3 Dodging
 * Level 3.3 Shields


You had one spell level left.
You didn't know any spells.
Your spell library was empty.

Dungeon Overview and Level Annotations

Branches:
Dungeon (2/15)

Altars:


Innate Abilities, Weirdness & Mutations

You cannot wear most types of armour.
You are amphibious.
You can wear up to eight rings at the same time.
Your skin changes colour to match your surroundings (Stealth+).
Your rubbery body absorbs attacks. (AC +1, EV +1)
((You are camouflaged near water. (Stealth+)))
You have tentacles for arms and can constrict up to eight enemies at once.


Message History

You block the worm's attack.
Cleave: a) +0 war axe
Press: ? - help, Dir - move target, f - hobgoblin
Aim: a hobgoblin (about 46% to evade your +0 war axe)
You closely miss the hobgoblin. You grab the hobgoblin.
You squeeze the hobgoblin.
You kill the hobgoblin!
You barely miss the goblin. You hit the worm.
The goblin unwields a +0 hunting sling.
The goblin wields a +0 dagger.
The goblin hits you with a +0 dagger. The worm bites you.
The goblin hits you but does no damage. You block the worm's attack.
You see here a hobgoblin corpse.
The goblin unwields a +0 dagger.
The goblin wields a +0 hunting sling.
The goblin shoots a stone.
You block the stone.
Cleave: a) +0 war axe
Press: ? - help, Dir - move target, f - worm
Aim: a worm (about 25% to evade your +0 war axe)
You barely miss the worm. You grab the worm. You squeeze the worm.
The worm is moderately wounded.
You constrict the worm.
The goblin shoots a stone.
The stone barely misses you. The worm bites you.
Cleave: a) +0 war axe
Press: ? - help, Dir - move target, f/p - worm
Aim: a worm (moderately wounded, constricted by you, about 7% to evade your +0 war axe)
You slash the worm!
The worm is almost dead.
You hit the goblin. x2
You kill the goblin!
You constrict the worm. The goblin hits you with a +0 dagger.
The worm bites you.
* * * LOW HITPOINT WARNING * * *
The goblin hits you with a +0 dagger.
* * * LOW HITPOINT WARNING * * *
Cleave: a) +0 war axe
Press: ? - help, Dir - move target, f/p - worm
Aim: a worm (almost dead, constricted by you, about 7% to evade your +0 war axe)
You hit the worm.
You kill the worm!
You barely miss the goblin. The goblin hits you with a +0 dagger.
You die...

..# #.#!..r....: .#
### #.#
#.##.......##.
..###.###..#..g....#.
#.##..........$.....
#.##.........# #.#
.............# #.#
#.##.........## ##.#
#.##..........###†.#
#.##............@g.#
#.##.............).#
#.##################
#.# #.# # #


You could see a goblin.

Vanquished Creatures
  A worm (D:2)
  A bat (D:1)
  3 endoplasms
  2 goblins (D:2)
  2 hobgoblins
  2 kobolds (D:1)
  A frilled lizard (D:1)
  3 rats (D:1)
15 creatures vanquished.

Notes
Turn   | Place    | Note
-------+----------+-------------------------------------------
     0 | D:1      | tizbic2 the Octopode Fighter began the quest for the Orb.
     0 | D:1      | Reached XP level 1. HP: 16/16 MP: 1/1
   366 | D:1      | Reached XP level 2. HP: 16/21 MP: 2/2
   404 | D:1      | Found a faded altar of an unknown god.
   963 | D:2      | HP: 1/21 [goblin (3)]
   964 | D:2      | Slain by a goblin

Illustrated notes

Levels and vault maps discovered:
D:1:      ncdulo_smallfort, layout_rooms,
          hellmonk_ecumenical_altar_pennies_from_heaven
D:2:      layout_basic, basic_altar, minmay_three_crescents

Action                   || total
-------------------------++-------
Melee: War axe           ||    20
       Constrict         ||     5
       Tentacles         ||     2
  Use: Scroll            ||     1
 Stab: Sleeping          ||     2
Armor: Skin              ||     1
Dodge: Dodged            ||     5
Block: Kite shield       ||     9
